 Seeded DCSS version 0.30-a0-859-gf88a04b62d (webtiles) character file.

Game seed: 14825015123840079673 (custom seed)

4372 Darius099 the Grappler (level 10, -3/94 HPs)
             Began as a Troll Monk on Mar 7, 2023.
             Killed from afar by an electric eel (7 damage)
             ... with a bolt of electricity
             ... on level 7 of the Dungeon.
             The game lasted 00:16:34 (5082 turns).

Darius099 the Grappler (Troll Monk)                 Turns: 5082, Time: 00:16:35

Health: -3/94      AC:  4    Str: 21    XL:     10   Next: 13%
Magic:  9/9        EV: 13    Int:  6    God:
Gold:   294        SH:  0    Dex: 22    Spells: 9/9 levels left

rFire   + . .      SeeInvis .      - Unarmed
rCold   + . .      Faith    .    (no shield)
rNeg    . . .      Spirit   .    a - +0 robe
rPois   .          Reflect  .    (helmet restricted)
rElec   .          Rampage  .    h - scarf {rC+ rF+}
rCorr   .                        (gloves unavailable)
Will    +....                    (boots unavailable)
Stlth   ++                       j - amulet of regeneration
HPRegen 1.95/turn                x - +6 ring of dexterity
MPRegen 0.11/turn                r - ring of willpower

@: studying Translocations
A: large, unfitting armour, claws 3, regeneration 1, shaggy fur 1, tough skin 1
a: no special abilities


You were on level 7 of the Dungeon.
You visited 2 branches of the dungeon, and saw 8 of its levels.
You also visited: Bailey.

You collected 294 gold pieces.

Inventory:

Hand Weapons
 b - the +7 trident of Bloodstone {elec, Str+3}
   (You found it on level 6 of the Dungeon)

   Str:       It affects your strength (+3).
Missiles
 y - a throwing net (quivered)
Armour
 a - a +0 robe (worn)
 h - a scarf of resistance (worn)
Jewellery
 j - an amulet of regeneration (around neck)
 m - a ring of see invisible
 r - a ring of willpower (right claw)
 t - a ring of willpower
 x - a +6 ring of dexterity (left claw)
Wands
 d - a wand of flame (19)
 v - a wand of digging (10)
 G - a wand of charming (3)
Scrolls
 c - 2 scrolls of teleportation {unknown}
 g - a scroll of amnesia {unknown}
 l - 2 scrolls of vulnerability {unknown}
 n - 5 scrolls of blinking
 o - 2 scrolls of brand weapon
 w - a scroll of enchant armour {unknown}
 z - 2 scrolls of fear
 D - 2 scrolls of torment {unknown}
Potions
 e - 3 potions of flight {unknown}
 f - a potion of attraction
 i - 2 potions of degeneration
 k - 6 potions of haste {unknown}
 p - 3 potions of brilliance {unknown}
 q - 3 potions of lignification {unknown}
 s - 2 potions of heal wounds {unknown}
 u - 2 potions of might {unknown}
 A - a potion of mutation {unknown}
 B - 2 potions of cancellation {unknown}
 C - a potion of resistance {unknown}
 E - a potion of invisibility {unknown}
 F - 2 potions of curing {unknown}
Miscellaneous
 H - a tin of tremorstones (2/2)


   Skills:
 + Level 4.8 Fighting
 + Level 4.8 Dodging
 - Level 1.0 Stealth
 - Level 13.2 Unarmed Combat


You had 9 spell levels left.
You didn't know any spells.
Your spell library contained the following spells:

 Spells                   Type           Power      Damage    Failure   Level
 Sandblast                Erth           0%         2d4       45%         1
 Cigotuvi's Dreadful Rot  Necr/Pois/Air  0%         N/A       58%         2
 Passwall                 Tmut/Erth      0%         N/A       58%         2
 Poisonous Vapours        Pois/Air       0%         N/A       58%         2
 Hailstorm                Conj/Ice       0%         3d3       83%         3
 Mephitic Cloud           Conj/Pois/Air  0%         N/A       83%         3
 Ozocubu's Armour         Ice            0%         N/A       83%         3
 Stone Arrow              Conj/Erth      0%         3d7       83%         3
 Animate Armour           Summ/Erth      0%         N/A       99%         4
 Ice Form                 Ice/Tmut       0%         N/A       99%         4
 Alistair's Intoxication  Tmut/Pois      0%         N/A       100%        5
 Blade Hands              Tmut           0%         N/A       100%        5
 Lee's Rapid Deconstruct  Erth           0%         3d4*      100%        5
 Iron Shot                Conj/Erth      0%         9d1       100%        6
 Simulacrum               Ice/Necr       0%         N/A       100%        6
 Ozocubu's Refrigeration  Ice            0%         4d7       100%        7


Dungeon Overview and Level Annotations

Branches:
Dungeon (7/15)             Temple (1/1) D:6          Bailey (visited)

Altars:
Dithmenos
Elyvilon
Fedhas
Kikubaaqudgha
Makhleb
Okawaru
Ru
Sif Muna
Trog
Vehumet
Wu Jian
Xom
The Shining One


Innate Abilities, Weirdness & Mutations

You are too large for most types of armour.
You have claws for hands.
Your natural rate of healing is unusually fast.
You are covered in fur. (AC +1)
You have tough skin. (AC +1)


Message History

Your surroundings suddenly seem different.
An electric eel comes into view.
The electric eel moves out of view.
There are monsters nearby!
You enter the shallow water.
The electric eel shoots out a bolt of lightning at you!
The bolt of electricity hits the plant!
The plant begins to die.
The bolt of electricity hits you!
The electric eel shoots out a bolt of lightning at you!
The bolt of electricity hits you!
The electric eel shoots out a bolt of lightning at you!
The bolt of electricity hits you!
The electric eel shoots out a bolt of lightning at you!
The bolt of electricity hits you!
The bolt of electricity hits the electric eel.
The electric eel completely resists.
You closely miss the electric eel.
The electric eel shoots out a bolt of lightning at you!
The bolt of electricity misses you.
The electric eel shoots out a bolt of lightning at you!
The bolt of electricity hits you!
The bolt of electricity hits the electric eel.
The electric eel completely resists.
The electric eel shoots out a bolt of lightning at you!
The bolt of electricity hits you!
You closely miss the electric eel. You scratch the electric eel.
The electric eel is moderately wounded.
The electric eel shoots out a bolt of lightning at you!
The bolt of electricity hits you!
* * * LOW HITPOINT WARNING * * *
The electric eel shoots out a bolt of lightning at you!
The bolt of electricity hits you!
* * * LOW HITPOINT WARNING * * *
The electric eel shoots out a bolt of lightning at you!
The bolt of electricity hits you!
* * * LOW HITPOINT WARNING * * *
The electric eel shoots out a bolt of lightning at you!
The bolt of electricity hits you!
You die...

#...♣~♣~~ ~~~ ~P≈~
#########...♣♣~P P♣≈≈≈≈≈≈~~
...........♣♣~~~~♣~P≈≈≈≈≈≈≈≈≈
###'####..♣~P~P~~~≈≈≈SS≈≈≈≈≈≈≈
#.....####♣~~P~~P~≈≈≈≈≈≈≈≈≈≈≈
.......###~♣P~~P♣~≈≈≈≈≈≈≈≈≈≈≈
.......#...~~♣~P~~~≈S≈≈≈≈≈≈≈≈~
..._...'.###♣♣P~~~~~≈~≈~≈≈≈≈≈
.......#...##~~S@~♣PP~~≈~P≈~~
.......#.....P~♣♣~♣~~~~~~~~~ P
#.....#####.#.##♣~~♣~♣~♣♣♣~♣~♣
###'###.............P~P~P♣P~♣
....#########..>...#.#....#
.............>..<..#.#....##
≈~≈~~~..#####......#.#.#...#
#####~.## #[..#.#[#.#.#.#.#
#...#~.#####..>#.#.#.#...#.#


You could see 4 electric eels.

Vanquished Creatures
  A manticore (D:6)
  A troll (D:6)
  Prince Ribbit (D:6)
  A shadow (D:6)
  A vampire (D:6)
  A wraith (D:6)
  A water moccasin (D:6)
  An ice beast (D:5)
  7 orc warriors
  2 black bears (D:6)
  An ogre (D:6)
  4 phantoms
  8 kobold brigands
  3 scorpions
  5 wights (D:7)
  2 hounds
  A jelly (D:6)
  2 orc priests
  4 iguanas
  Jessica (D:2)
  Ijyb (D:3)
  7 orc wizards
  4 gnolls (D:4)
  9 adders
  A shadow imp (D:6)
  An ufetubus (D:6)
  3 dart slugs
  30 orcs
  5 ball pythons
  5 bats
  4 endoplasms
  2 giant cockroaches
  7 goblins
  8 hobgoblins
  31 kobolds
  4 quokkas
  2 frilled lizards (D:3)
  5 rats
177 creatures vanquished.

Vanquished Creatures (others)
  23 plants (D:7)
23 creatures vanquished.

Grand Total: 200 creatures vanquished

Notes
Turn   | Place    | Note
-------+----------+-------------------------------------------
     0 | D:1      | Darius099 the Troll Monk began the quest for the Orb.
     0 | D:1      | Reached XP level 1. HP: 22/22 MP: 0/0
   179 | D:1      | Reached XP level 2. HP: 29/29 MP: 1/1
   371 | D:1      | Found a faded altar of an unknown god.
   876 | D:2      | Noticed Jessica
   882 | D:2      | Killed Jessica
   883 | D:2      | Reached skill level 4 in Unarmed Combat
   883 | D:2      | Reached XP level 3. HP: 21/36 MP: 2/2
  1096 | D:2      | Reached XP level 4. HP: 44/44 MP: 3/3
  1225 | D:3      | Reached skill level 5 in Unarmed Combat
  1435 | D:3      | Found a sacrificial altar of Ru.
  1540 | D:3      | Noticed Ijyb
  1546 | D:3      | Killed Ijyb
  1708 | D:4      | Found an ornate altar of the Wu Jian Council.
  1724 | D:4      | Noticed a phantom
  1730 | D:4      | Killed a phantom
  1731 | D:4      | Reached skill level 6 in Unarmed Combat
  1731 | D:4      | Reached XP level 5. HP: 46/50 MP: 4/4
  1840 | D:4      | Reached XP level 6. HP: 56/59 MP: 5/5
  1875 | D:4      | Reached skill level 7 in Unarmed Combat
  2322 | D:5      | Entered Level 5 of the Dungeon
  2388 | D:5      | Reached skill level 8 in Unarmed Combat
  2393 | D:5      | Reached XP level 7. HP: 60/66 MP: 6/6
  2447 | D:5      | Found a blossoming altar of Fedhas.
  2591 | D:5      | Reached skill level 9 in Unarmed Combat
  2600 | D:5      | Got the Directory of the Green Xenolith
  3120 | D:6      | Found a large runed translucent door.
  3120 | D:6      | Noticed a troll
  3121 | D:6      | Found a large runed translucent door.
  3121 | D:6      | Noticed a shadow
  3123 | D:6      | Found a large runed translucent door.
  3123 | D:6      | Found a large runed translucent door.
  3126 | D:6      | Noticed Prince Ribbit
  3192 | D:6      | Reached XP level 8. HP: 73/74 MP: 7/7
  3201 | D:6      | Reached skill level 10 in Unarmed Combat
  3219 | D:6      | Found a staircase to the Ecumenical Temple.
  3231 | Temple   | Entered the Ecumenical Temple
  3310 | D:6      | Noticed a manticore
  3319 | D:6      | Killed a manticore
  3320 | D:6      | Reached skill level 11 in Unarmed Combat
  3536 | D:6      | Killed Prince Ribbit
  3537 | D:6      | Reached skill level 12 in Unarmed Combat
  3539 | D:6      | Reached XP level 9. HP: 14/80 MP: 8/8
  3582 | D:6      | Identified the +7 trident of Bloodstone {elec, Str+3}
  4202 | D:6      | Reached skill level 13 in Unarmed Combat
  4282 | D:6      | Killed a troll
  4479 | D:7      | Found a radiant altar of Vehumet.
  4500 | D:7      | Found a flagged portal.
  4512 | Bailey   | Entered a bailey
  4611 | Bailey   | Reached XP level 10. HP: 80/94 MP: 9/9
  4755 | Bailey   | Found a burning altar of Makhleb.
  4956 | D:7      | Found a shimmering blue altar of Sif Muna.
  5082 | D:7      | HP: 4/94 [electric eel/bolt of electricity (12)]
  5082 | D:7      | Killed from afar by an electric eel

Illustrated notes

Levels and vault maps discovered:
D:1:      kennysheep_arrival_seaside, layout_loops_cross, basic_ecumenical_altar
D:2:      layout_rooms, uniq_jessica
D:3:      layout_rooms, old_standard_altar, serial_glass, glass_columns_a,
          glass_columns_a, uniq_ijyb
D:4:      layout_basic, mainiacjoe_overflow_surrounded_room
D:5:      layout_loops_ring, mainiacjoe_overflow_small_starburst
D:6:      layout_loops_ring, minmay_temple_entry_hall,
          minmay_hollow_rounded_squares, uniq_prince_ribbit1
D:7:      layout_basic, nicolae_uskayaw_murder_on_the_dancefloor,
          lemuel_blue_sif_altar, nicolae_vehumet_altar_sigil,
          grunt_gozag_statues, grunt_temple_overflow_cloverleaf, serial_bayou,
          serial_bayou_pond_d, serial_bayou_ford_a, serial_bayou_pond_a,
          serial_bayou_lake_a, enter_bailey_3
Temple:   hellmonk_temple_two_chambers

Skill      XL: |  1  2  3  4  5  6  7  8  9 |
---------------+----------------------------+-----
Unarmed Combat | 4 6 8 9 12 13 | 13.2
Fighting       | 4 |  4.8
Dodging        | 4 |  4.8
Stealth        | |  1.0

Action                     |  1- 3 |  4- 6 |  7- 9 | 10-12 || total
---------------------------+-------+-------+-------+-------++-------
  Melee: Unarmed           |    62 |   115 |   225 |    28 ||   430
         Punch             |     1 |     6 |    17 |     1 ||    25
    Use: Potion            |       |       |     3 |       ||     3
         Scroll            |       |       |     3 |       ||     3
   Stab: Sleeping          |       |    10 |     4 |       ||    14
 Armour: Robe              |    27 |    23 |    48 |       ||    98
  Dodge: Dodged            |    34 |    49 |   122 |    24 ||   229

Table legend: (Time is in decaauts)
 A = Elapsed time spent in this place.
 B = Non-inter-level travel time spent in this place.
 C = Inter-level travel time spent in this place.
 D = Time resting spent in this place.
 E = Time spent auto-exploring this place.
 F = Levels seen in this place.
 G = Mean time per level.
                   A        B        C        D        E       F      G
               +--------+--------+--------+--------+--------+-----+--------+
         Total |   5033 |   4832 |    201 |    360 |   2640 |   9 |  559.2 |
       Dungeon |   4667 |   4466 |    201 |    221 |   2587 |   7 |  666.7 |
        Temple |     21 |     21 |      0 |      0 |     13 |   1 |   21.0 |
        Bailey |    344 |    344 |      0 |    139 |     40 |   1 |  344.0 |
               +--------+--------+--------+--------+--------+-----+--------+

Top non-repeatable levels by time:
     D:6: 1240 daAuts
     D:1: 830 daAuts
     D:5: 780 daAuts
     D:4: 618 daAuts
     D:3: 483 daAuts
     D:2: 372 daAuts
  Bailey: 344 daAuts
     D:7: 341 daAuts
  Temple: 21 daAuts
